 Dungeon Crawl Stone Soup version 0.21-a0-632-g1e37ce5 (webtiles) character file.

79 polythemia the Cudgeler (level 4, 0/26 HPs)
             Began as a Gargoyle Gladiator on Dec 27, 2017.
             Slain by Grinder (2 damage)
             ... on level 3 of the Dungeon.
             The game lasted 00:05:09 (2279 turns).

polythemia the Cudgeler (Gargoyle Gladiator)        Turns: 2279, Time: 00:05:09

Health: 0/26       AC:  9    Str: 17    XL:     4   Next: 37%
Magic:  4/4        EV: 11    Int:  9    God:
Gold:   9          SH:  0    Dex: 12    Spells: 3/3 levels left

rFire    + . .     SeeInvis .   a - +0 flail
rCold    + . .     Gourm    .   (no shield)
rNeg     + . .     Faith    .   k - +0 ring mail
rPois    ∞         Spirit   .   c - +0 helmet
rElec    +         Reflect  .   (no cloak)
rCorr    +         Harm     .   (no gloves)
MR       .....                  (no boots)
Stlth    +.........             (no amulet)
HPRegen  0.08/turn              (no ring)
MPRegen  0.09/turn              (no ring)

@: resistant
A: negative energy resistance 1, electricity resistance, unbreathing,
petrification resistance, rot immunity, AC +3
a: no special abilities


You were on level 3 of the Dungeon.
You were hungry.

You visited 1 branch of the dungeon, and saw 3 of its levels.

You collected 9 gold pieces.

Inventory:

Hand Weapons
 a - a +0 flail (weapon)
Armour
 c - a +0 helmet (worn)
 k - a +0 ring mail (worn)
Scrolls
 e - 2 scrolls of magic mapping {unknown}
 i - a scroll of blinking {unknown}
 o - a scroll of immolation {unknown}
 q - a scroll of random uselessness {unknown}
 s - a scroll of enchant weapon {unknown}
Potions
 j - 2 potions of haste
 m - 2 potions of might
 n - a potion of heal wounds {unknown}
 r - a potion of brilliance {unknown}
Comestibles
 f - 4 rations
 u - 2 chunks of flesh


   Skills:
 - Level 2.1 Fighting
 + Level 5.0 Maces & Flails
 - Level 1.7 Throwing
 - Level 2.4 Dodging


You had 3 spell levels left.
You didn't know any spells.

Dungeon Overview and Level Annotations

Branches:
Dungeon (3/15)

Altars:
Cheibriados

Annotations:
D:3 Grinder


Innate Abilities, Weirdness & Mutations

You are resistant to torment.
Your stone body is resilient. (AC +3)
You are immune to poison.
You resist negative energy. (rN+)
You are resistant to electric shocks. (rElec)
You can survive without breathing.
You are immune to petrification.
You are immune to rotting.


Message History

You throw a throwing net. The throwing net barely misses Grinder.
Grinder hits you.
You writhe in agony.
You take 3 damage, and have 8/26 hp.
Spoiler Alert: Grinder can cast Paralyse!
Aim: Grinder You throw a throwing net.
The throwing net closely misses Grinder.
Grinder closely misses you.
Firing (i - inventory): No suitable missiles.
Aim: Grinder
Okay, then.
Spoiler Alert: Grinder can cast Paralyse!
You barely miss Grinder. Grinder hits you but does no damage.
You closely miss Grinder. Grinder gestures at you.
You resist with significant effort.
You hit Grinder. Grinder hits you.
* * * LOW HITPOINT WARNING * * *
You writhe in agony.
You die...

....[...... .....#
....###..#. ....#
.#..#....# ...##
.#..#.##.# ####...#
....#.##.###.##...#######
....#.##.##..............
......##.##...........#
.........##...$.......#.#
.........##.....@5.....(.
##................(......
##.....#####.......#.##.#
#.....# #.#####.#.# #
.......# #.# .# #
...>.... #.# .# ........
..# ?. #... ## .. ...


You could see Grinder.

Vanquished Creatures
  3 adders (D:2)
  2 dart slugs
  12 bats
  5 giant cockroaches
  4 goblins
  6 hobgoblins
  A quokka (D:3)
  A ball python (D:1)
  4 frilled lizards
  5 kobolds
  4 rats (D:1)
47 creatures vanquished.

Notes
Turn   | Place    | Note
-------+----------+-------------------------------------------
     0 | D:1      | polythemia the Gargoyle Gladiator began the quest for the Orb.
     0 | D:1      | Reached XP level 1. HP: 12/12 MP: 1/1
   163 | D:1      | Reached XP level 2. HP: 14/17 MP: 2/2
   523 | D:1      | Reached skill level 4 in Maces & Flails
   588 | D:1      | Reached XP level 3. HP: 20/21 MP: 3/3
  1011 | D:2      | Found a snail-covered altar of Cheibriados.
  1923 | D:2      | Reached XP level 4. HP: 26/26 MP: 4/4
  1934 | D:2      | Reached skill level 5 in Maces & Flails
  2254 | D:3      | Noticed Grinder
  2261 | D:3      | Paralysed by Grinder for 4 turns
  2279 | D:3      | Slain by Grinder

Vault maps used:
D:1:      evilmike_arrival_hilbert_curve, glass_columns_c
D:2:      kennysheep_slug_shrine, kennysheep_generic_room_2
D:3:      first_ration, nicolae_ru_great_annihilating_truth, uniq_grinder,
          uniq_ijyb

Skill      XL: |  1  2  3  4 |
---------------+-------------+-----
Maces & Flails | 4 5 |  5.0
Fighting       | |  2.1
Throwing       | |  1.7
Dodging        | |  2.4

Action                   |  1- 3 |  4- 6 || total
-------------------------+-------+-------++-------
Melee: Flail             |   142 |    31 ||   173
Throw: Throwing net      |       |     3 ||     3
  Use: Scroll            |       |     6 ||     6
       Potion            |       |     1 ||     1
  Eat: Chunk             |     3 |     1 ||     4
Armor: Leather armour    |    15 |       ||    15
       Ring mail         |    74 |    17 ||    91
Dodge: Dodged            |   129 |    17 ||   146

Table legend:
 A = Spawn XP
 B = Non-spawn XP
 C = Spawn XP percentage of total XP
 D = Spawn monster count
 E = Non-spawn monster count
 F = Spawn count percentage of total count
 G = Total turns spent on level
                    A         B        C        D         E        F      G
               +---------+---------+-------+---------+---------+-------+---------
         Total |       0 |     113 |   0.0 |       0 |      47 |   0.0 |  2279
               +---------+---------+-------+---------+---------+-------+---------
           D:1 |       0 |      38 |   0.0 |       0 |      25 |   0.0 |   983
           D:2 |       0 |      69 |   0.0 |       0 |      19 |   0.0 |  1184
           D:3 |       0 |       6 |   0.0 |       0 |       3 |   0.0 |   112
               +---------+---------+-------+---------+---------+-------+---------
